 Dungeon Crawl Stone Soup version 0.22-a0-825-ga28c36f (webtiles) character file.

1779 Kuinu the Firebug (level 8, -1/57 HPs)
             Began as a Black Draconian Fire Elementalist on July 24, 2018.
             Was an Initiate of Vehumet.
             Succumbed to a killer bee's poison
             ... on level 7 of the Dungeon.
             The game lasted 00:29:24 (12124 turns).

Kuinu the Firebug (DrFE)                           Turns: 12124, Time: 00:29:26

Health: -1/57      AC:  7    Str: 11    XL:     8   Next: 81%
Magic:  0/16       EV: 12    Int: 18    God:    Vehumet [......]
Gold:   396        SH:  0    Dex: 11    Spells: 8/18 levels left

rFire    . . .     SeeInvis .   n - +3 trident
rCold    . . .     Gourm    .   (no shield)
rNeg     . . .     Faith    .   (armour unavailable)
rPois    .         Spirit   .   (helmet restricted)
rElec    +         Reflect  .   (no cloak)
rCorr    .         Harm     .   t - +0 pair of gloves
MR       .....                  (no boots)
Stlth    ++........             (no amulet)
HPRegen  0.19/turn              y - ring of wizardry
MPRegen  0.15/turn              (no ring)

@: lethally poisoned (-1 -> -29), short of breath
A: breathe lightning, unfitting armour, electricity resistance, cold-blooded, AC
+6
a: Breathe Lightning, Renounce Religion


You were on level 7 of the Dungeon.
You worshipped Vehumet.
Vehumet was noncommittal.
You were hungry.

You visited 2 branches of the dungeon, and saw 8 of its levels.

You collected 396 gold pieces.

Inventory:

Hand Weapons
 e - a -1 club
 i - a +0 dagger
 n - a +3 trident (weapon)
Missiles
 p - 3 tomahawks of returning (quivered)
Armour
 t - a +0 pair of gloves (worn)
Jewellery
 y - a ring of wizardry (left hand)
Scrolls
 a - 3 scrolls of remove curse
 c - a scroll of blinking {unknown}
 d - 3 scrolls of teleportation
 k - 2 scrolls of immolation {unknown}
 q - 6 scrolls of identify {unknown}
 r - a scroll of random uselessness {unknown}
 s - a scroll of fog {unknown}
 v - a scroll of enchant armour {unknown}
 x - a scroll of enchant weapon {unknown}
Potions
 f - 3 potions of lignification {unknown}
 g - a potion of haste {unknown}
 h - 4 potions of mutation {unknown}
 j - 2 potions of brilliance {unknown}
 l - 3 potions of heal wounds
 m - a potion of flight {unknown}
 o - a potion of curing
 u - a potion of degeneration {unknown}
 w - a potion of ambrosia {unknown}
Comestibles
 b - 9 rations
 z - a chunk of flesh


   Skills:
 - Level 1.9 Dodging
 + Level 4.4 Stealth
 * Level 5.8 Spellcasting
 * Level 6.1 Conjurations
 * Level 6.8 Fire Magic


You had 8 spell levels left.
You knew the following spells:

 Your Spells              Type           Power        Failure   Level  Hunger
a - Flame Tongue          Conj/Fire      ####.        1%          1    None
b - Throw Flame           Conj/Fire      ####..       1%          2    None
c - Conjure Flame         Conj/Fire      ####....     1%          3    ##.....
d - Sticky Flame          Conj/Fire      ####....     3%          4    ####...

Your spell library contained the following spells:

 Spells                   Type           Power        Failure   Level  Hunger
 Fireball                 Conj/Fire      ####......   10%         5    #####..
 Confuse                  Hex            #.......     16%         3    ##.....
 Confusing Touch          Hex            #.....       4%          1    None
 Metabolic Englaciation   Hex/Ice        #.........   77%         5    #####..
 Petrify                  Tmut/Erth      #.......     43%         4    ####...
 Inner Flame              Hex/Fire       ###.....     3%          3    ##.....
 Gell's Gravitas          Tloc           #.........   16%         3    ##.....
 Yara's Violent Unravell  Hex/Tmut       #.........   77%         5    #####..


Dungeon Overview and Level Annotations

Branches:
Dungeon (7/15)             Temple (1/1) D:5

Altars:
Cheibriados
Dithmenos
Elyvilon
Fedhas
Gozag
Hepliaklqana
Kikubaaqudgha
Makhleb
Nemelex Xobeh
Okawaru
Qazlal
Ru
Sif Muna
Trog
Uskayaw
Vehumet
Wu Jian
Xom
Yredelemnul
Zin
The Shining One

Annotations:
D:3 Kuinu's ghost, amateur DrFE


Innate Abilities, Weirdness & Mutations

You can breathe wild blasts of lightning.
Your glossy black scales are hard. (AC +6)
You cannot fit into any form of body armour.
You are resistant to electric shocks. (rElec)
You are cold-blooded and may be slowed by cold attacks.


Message History

You are lethally poisoned!
The killer bee poisons you! The killer bee closely misses you.
Casting: Flame Tongue (safe; 1% risk of failure)
Confirm with . or Enter, or press ? or * to list all spells.
You don't have enough magic to cast that spell.
Unknown command.
You breathe a wild blast of lightning!
The orb of electricity explodes!
The orb of electricity engulfs you! You resist.
* * * LOW HITPOINT WARNING * * *
The zap hits the killer bee.
The killer bee is moderately wounded.
You hear a mighty clap of thunder!
The bolt of lightning hits the killer bee.
You kill the killer bee!
Vehumet accepts your kill.
The orb of electricity explodes!
The orb of electricity engulfs you! You resist.
* * * LOW HITPOINT WARNING * * *
You feel somewhat more hungry.
You die...

....#.####.### ........# #.
....#.#)# #.# ....#.#.# #.#
....#.#.# #.# . ....#.#.##.
#.#######.. ..........
#.......%.. ........#
#...†...... .#......##.
#..@....... .#.........
#.######### .#..#.#### #.#
......####.# #.#######
#......[...# #.#.....#
#.....########.#.....######
......# #......#..........#
##..(.######.####.......#.###
...........................>#


There were no monsters in sight!

Vanquished Creatures
  A hippogriff (D:7)
  3 ice beasts
  A sky beast (D:6)
  2 ogres
  A scorpion (D:5)
  3 killer bees (D:7)
  A howler monkey (D:7)
  4 crimson imps
  2 jellies
  3 orc priests
  A hound (D:6)
  Natasha (twice) (D:2)
  3 worker ants
  4 orc wizards
  A hound zombie (D:6)
  11 adders
  2 gnolls (D:7)
  A shadow imp (D:5)
  5 oozes
  An adder zombie (D:6)
  An adder skeleton (D:6)
  5 worms
  5 leopard geckos
  19 orcs
  7 bats
  5 giant cockroaches
  8 goblins
  9 hobgoblins
  18 jackals
  8 kobolds
  3 quokkas
  2 ball pythons
  3 frilled lizards
  A leopard gecko zombie (D:5)
  A quokka zombie (D:6)
  7 rats
154 creatures vanquished.

Notes
Turn   | Place    | Note
-------+----------+-------------------------------------------
     0 | D:1      | Kuinu the Draconian Fire Elementalist began the quest for the Orb.
     0 | D:1      | Reached XP level 1. HP: 14/14 MP: 3/3
   301 | D:1      | Reached XP level 2. HP: 8/20 MP: 0/5
   492 | D:1      | Learned a level 2 spell: Throw Flame
  1068 | D:1      | Reached XP level 3. HP: 26/26 MP: 4/6
  1753 | D:2      | Found a glowing silver altar of Zin.
  1762 | D:2      | Found a white marble altar of Elyvilon.
  1845 | D:2      | Noticed Natasha
  1855 | D:2      | Killed Natasha
  1855 | D:2      | Reached XP level 4. HP: 30/33 MP: 2/7
  1860 | D:2      | Learned a level 3 spell: Conjure Flame
  2035 | D:2      | Noticed Natasha
  2714 | D:2      | Killed Natasha
  2714 | D:2      | Reached XP level 5. HP: 32/38 MP: 2/9
  2930 | D:2      | Learned a level 4 spell: Sticky Flame
  3876 | D:3      | Found a runed gate.
  3876 | D:3      | Found a runed gate.
  3876 | D:3      | Found a runed gate.
  4040 | D:3      | Noticed Kuinu's ghost (amateur DrFE)
  4870 | D:4      | Noticed an ogre
  5221 | D:4      | HP: 1/38 [adder (3)]
  5275 | D:5      | Entered Level 5 of the Dungeon
  5678 | D:4      | Killed an ogre
  5678 | D:4      | Reached XP level 6. HP: 37/45 MP: 3/11
  7255 | D:5      | Reached skill level 5 in Fire Magic
  7255 | D:5      | Your scales start taking on a glossy black colour.
  7255 | D:5      | Reached XP level 7. HP: 50/50 MP: 1/13
  7255 | D:5      | Gained mutation: You are resistant to electric shocks. (rElec) [Black Draconian growth]
  7371 | D:5      | Found a staircase to the Ecumenical Temple.
  8845 | Temple   | Entered the Ecumenical Temple
  9038 | Temple   | Became a worshipper of Vehumet
  9826 | D:6      | Reached skill level 5 in Conjurations
  9826 | D:6      | Reached XP level 8. HP: 57/57 MP: 6/15
  9933 | D:6      | Reached skill level 5 in Spellcasting
 11451 | D:7      | Noticed a hippogriff
 11459 | D:7      | Killed a hippogriff
 11881 | D:7      | Found an opulent altar of Gozag.
 12124 | D:7      | HP: 1/57 [bounced beam (8)]
 12124 | D:7      | Succumbed to a killer bee's poison

Vault maps used:
D:1:      wheals_arrival_shading
D:2:      grunt_temple_overflow_open, first_ration, uniq_natasha
D:3:      gammafunk_ghost_icy, feat_on_display
D:5:      minmay_temple_entry_glassed_door
D:7:      nicolae_gozag_cash_rules_everything_around_me
Temple:   dpeg_five_rooms_temple

Skill      XL: |  1  2  3  4  5  6  7  8 |
---------------+-------------------------+-----
Stealth        | 2 3 4 |  4.4
Conjurations   | 2 3 5 6 |  6.1
Fire Magic     | 4 5 6 |  6.8
Spellcasting   | 3 4 5 |  5.8
Dodging        | |  1.9

Action                   |  1- 3 |  4- 6 |  7- 9 || total
-------------------------+-------+-------+-------++-------
Melee: Club              |    16 |    33 |       ||    49
       Tailslap          |     6 |     1 |     6 ||    13
       Unarmed           |     2 |       |       ||     2
       Trident           |       |    60 |   130 ||   190
 Cast: Flame Tongue      |    53 |   116 |    73 ||   242
       Throw Flame       |       |    30 |    40 ||    70
       Conjure Flame     |       |     7 |     3 ||    10
       Sticky Flame      |       |       |     7 ||     7
 Abil: Breathe Lightning |       |       |     1 ||     1
  Use: Scroll            |       |     1 |     1 ||     2
  Eat: Chunk             |     2 |     9 |     1 ||    12
       Ration            |     1 |     2 |     5 ||     8
Armor: Skin              |    11 |    29 |    49 ||    89
Dodge: Dodged            |    21 |    85 |    87 ||   193

Table legend:
 A = Spawn XP
 B = Non-spawn XP
 C = Spawn XP percentage of total XP
 D = Spawn monster count
 E = Non-spawn monster count
 F = Spawn count percentage of total count
 G = Total turns spent on level
                    A         B        C        D         E        F      G
               +---------+---------+-------+---------+---------+-------+---------
         Total |       0 |    2542 |   0.0 |       0 |     154 |   0.0 | 12124
               +---------+---------+-------+---------+---------+-------+---------
           D:1 |       0 |      58 |   0.0 |       0 |      27 |   0.0 |  1746
           D:2 |       0 |     174 |   0.0 |       0 |      24 |   0.0 |  1511
           D:3 |       0 |      67 |   0.0 |       0 |      28 |   0.0 |  1921
           D:4 |       0 |     321 |   0.0 |       0 |      22 |   0.0 |  1034
           D:5 |       0 |     419 |   0.0 |       0 |      16 |   0.0 |  2654
           D:6 |       0 |     951 |   0.0 |       0 |      28 |   0.0 |  2330
           D:7 |       0 |     552 |   0.0 |       0 |       9 |   0.0 |   682
               +---------+---------+-------+---------+---------+-------+---------
